 Dungeon Crawl Stone Soup version 5.1-80-g04056d8 (webtiles) character file.

39 tatters the Fighter (level 11, -7/90 HPs) *CASUAL*
             Began as a Skeleton Wanderer on Oct 31, 2017.
             Was a Follower of Cheibriados.
             Splashed by an acid dragon's acid (14 damage)
             ... on level 10 of the Dungeon.
             The game lasted 00:20:37 (9199 turns).

tatters the Fighter (Skeleton Wanderer)             Turns: 9199, Time: 00:20:39

Health: -7/90      AC: -1 (34%)Str: 22  XL:     11   Next: 70%
Magic:  13/13      EV: 11    Int: 10    God:    Cheibriados [1*[36]]
Gold:   752        SH:  0    Dex: 15    Spells: 12/12 levels left

rFire    . . .     SeeInvis .   a - +2 battleaxe (freeze)
rCold    + . .     Faith    .   (shield currently unavailable)
rNeg     + + +     Spirit   .   j - +0 chain mail
rPois    ∞         Reflect  .   (no helmet)
rElec    .                      s - +2 cloak
rCorr    .                      (no gloves)
MR       +....                  L - -4 pair of boots "Moralef" {Regen+ Str+2}
Stlth    ..........             (no amulet)
Regen    0.7/turn               z - +3 ring of evasion
MPRegen  0.2/turn               D - +3 ring of slaying

@: corroded, very slow
A: spooky, fear immunity, bone armour, cold resistance 1, negative energy
resistance 3, torment resistance, unbreathing
a: Bend Time, Renounce Religion


You were on level 10 of the Dungeon.
You worshipped Cheibriados.
Cheibriados was aware of your devotion.
You were not hungry.

You visited 1 branch of the dungeon, and saw 10 of its levels.
You also visited: Sewer.

You collected 752 gold pieces.

Inventory:

Hand Weapons
 a - a +2 battleaxe of freezing (weapon)
 b - a +3 shortbow
 d - a +0 dagger
 r - a +3 quarterstaff of chaos
 K - a +2 spear
 R - a +2 hand axe of electrocution
Missiles
 i - 1913 stones (quivered)
 o - 178 tomahawks
 u - 31 frenzy darts
 v - 401 arrows
 y - 58 poisoned darts
 B - 644 bolts
Armour
 c - a +0 robe
 g - a +0 shield
 j - a +0 chain mail (worn)
 k - a +0 buckler
 s - a +2 cloak (worn)
 L - the -4 pair of boots "Moralef" (worn) {Regen+ Str+2}
   (You found it on level 7 of the Dungeon)

   It affects your strength (+2).
   It increases your rate of regeneration.
Jewellery
 l - a +6 ring of intelligence
 m - a +3 ring of dexterity
 w - an uncursed ring of wizardry
 z - a +3 ring of evasion (left hand)
 D - a +3 ring of slaying (right hand)
Wands
 x - a wand of flame (25)
 A - a wand of iceblast (12)
 E - a wand of lightning (9)
Scrolls
 n - 3 scrolls of immolation
 q - a scroll of amnesia
 C - a scroll of magic mapping
 G - a scroll of enchant armour
 H - 4 scrolls of teleportation
 M - a scroll of fog
 N - a scroll of fear
 O - 2 scrolls of blinking
 P - a scroll of summoning
 Q - a scroll of enchant weapon
Potions
 e - 5 potions of cancellation
 f - a potion of magic
 h - 2 potions of resistance
 p - a potion of augmentation
 t - a potion of heal wounds
 F - 4 potions of curing
 I - 3 potions of haste
 J - 2 potions of flight


   Skills:
 - Level 14.0 Fighting
 - Level 1.0 Polearms
 - Level 1.0 Throwing
 - Level 6.6 Armour
 - Level 1.0 Dodging
 - Level 2.1 Stealth
 - Level 1.0 Spellcasting
 - Level 2.6 Transmutations
 - Level 1.0 Fire Magic
 + Level 3.8 Invocations


You had 12 spell levels left.
You didn't know any spells.

Dungeon Overview and Level Annotations

Branches:
Dungeon (10/15)

Altars:
Cheibriados
Dithmenos
Elyvilon
Gozag
Hepliaklqana
Jiyva
Kikubaaqudgha
Makhleb
Okawaru
Qazlal
Ru
Sif Muna
Trog
Uskayaw
Vehumet
Xom
Yredelemnul
Zin
The Shining One


Innate Abilities, Weirdness & Mutations

You are spooky and scary.
You do not feel fear.
You gain temporary bone armour from killing.
You are immune to poison.
Your flesh is cold resistant. (rC+)
You are immune to negative energy. (rN+++)
You are immune to unholy pain and torment.
You can survive without breathing.


Message History

* * * LOW HITPOINT WARNING * * *
The acid dragon claws you (5).
* * * LOW HITPOINT WARNING * * *
Press: ? - help, v - describe, . - travel
Here: an acid dragon (severely wounded, slow)
The floor, spattered with blood.
Unknown command.
Unknown command.
Unknown command.
Press: ? - help, v - describe, . - travel
Here: an acid dragon (severely wounded, slow)
The floor, spattered with blood.
Unknown command.
You hit the acid dragon (2). You freeze the acid dragon (1).
The acid dragon is almost dead.
The acid dragon spits acid at you. The splash of acid hits you!
That hurt (8)!
* * * LOW HITPOINT WARNING * * *
The acid corrodes you!
You are splashed with acid!
The acid burns (14)!
You die...

........ ........ ....#
....# ....#
....####################
........................
........................
....#...........@D......
....'...................
....#####.....##########
....#.........#
....#.........#
....#.........#
....#.........#
....#.........#
##########...>#


You could see an acid dragon.

Vanquished Creatures
  A two-headed ogre (D:8)
  A spiny frog (D:10)
  A wyvern (D:9)
  An angry ghost (D:7)
  Menkaure (D:7)
  Edmund (D:6)
  A spiny frog zombie (D:8)
  4 ice beasts
  2 black bears
  3 orc warriors
  3 centaurs
  A blink frog skeleton (D:8)
  4 ogres
  A crocodile (Sewer)
  2 rime drake skeletons
  Blork the orc (D:4)
  5 scorpions
  2 crimson imps
  10 killer bees (D:9)
  5 wights (D:6)
  2 howler monkeys
  2 centaur zombies
  Crazy Yiuf (D:2)
  3 hounds
  A jelly (D:9)
  4 quasits
  A centaur skeleton (D:8)
  5 orc priests
  A bullfrog skeleton (D:7)
  7 orc wizards
  4 worker ants
  2 iguanas
  A killer bee zombie (D:7)
  3 gnolls (D:2)
  10 adders
  2 shadow imps
  An ooze (D:2)
  An adder skeleton (D:4)
  2 dart slugs (D:1)
  27 orcs
  8 quokkas
  2 ball pythons
  4 giant cockroaches
  5 goblins
  4 hobgoblins
  3 jackals (D:4)
  8 kobolds
  8 bats
  8 frilled lizards
  A quokka skeleton (D:4)
  7 rats
188 creatures vanquished.

Vanquished Creatures (collateral kills)
  3 orcs (D:4)
3 creatures vanquished.

Grand Total: 191 creatures vanquished

Notes
Turn   | Place    | Note
-------+----------+-------------------------------------------
     0 | D:1      | tatters the Skeleton Wanderer began the quest for the Orb.
     0 | D:1      | tatters set off with: a +2 spear, a potion of curing, a +0 robe, a +0 dagger
     0 | D:1      | Reached XP level 1. HP: 11/11 MP: 2/2
    25 | D:1      | Reached skill level 1 in Fighting
    60 | D:1      | Reached XP level 2. HP: 16/18 MP: 3/3
   214 | D:1      | Reached skill level 2 in Fighting
   265 | D:1      | Reached XP level 3. HP: 22/24 MP: 4/4
   984 | D:2      | Reached skill level 3 in Fighting
   984 | D:2      | Reached XP level 4. HP: 31/31 MP: 5/5
  1092 | D:2      | Found a runed door.
  1264 | D:2      | Found a faded altar of an unknown god.
  1278 | D:2      | Found a hazy altar of Hepliaklqana.
  1307 | D:2      | Reached skill level 4 in Fighting
  1307 | D:2      | Reached XP level 5. HP: 27/37 MP: 6/6
  1478 | D:2      | Found a sacrificial altar of Ru.
  1482 | D:2      | Became a worshipper of Ru the Awakened
  1563 | D:2      | Reached skill level 5 in Fighting
  1658 | D:2      | Noticed Crazy Yiuf
  1672 | D:2      | Killed Crazy Yiuf
  1672 | D:2      | Reached XP level 6. HP: 9/45 MP: 7/7
  2090 | D:3      | Found a sacrificial altar of Ru.
  2102 | D:3      | Found an iron altar of Okawaru.
  2250 | D:3      | Found an ancient bone altar of Kikubaaqudgha.
  2446 | D:3      | Found a glowing golden altar of the Shining One.
  2509 | D:3      | Reached skill level 6 in Fighting
  2509 | D:3      | Reached XP level 7. HP: 44/52 MP: 8/8
  2623 | D:4      | Found a radiant altar of Vehumet.
  2656 | D:4      | Noticed Blork the orc
  2744 | D:4      | Reached skill level 7 in Fighting
  3061 | D:4      | Reached skill level 8 in Fighting
  3061 | D:4      | Reached XP level 8. HP: 46/61 MP: 9/9
  3160 | D:4      | Found a deep blue altar of Sif Muna.
  3163 | D:4      | Found an opulent altar of Gozag.
  3164 | D:4      | Found a shadowy altar of Dithmenos.
  3165 | D:4      | Found a hide-covered altar of Uskayaw.
  3167 | D:4      | Found a shimmering altar of Xom.
  3167 | D:4      | Found a white marble altar of Elyvilon.
  3167 | D:4      | Found a viscous altar of Jiyva.
  3169 | D:4      | Found a bloodstained altar of Trog.
  3169 | D:4      | Found a glowing silver altar of Zin.
  3603 | D:4      | Killed Blork the orc
  3749 | D:4      | Found a basalt altar of Yredelemnul.
  3836 | D:5      | Entered Level 5 of the Dungeon
  3860 | D:5      | Reached skill level 9 in Fighting
  4091 | D:5      | Reached skill level 10 in Fighting
  4091 | D:5      | Reached XP level 9. HP: 36/70 MP: 10/10
  4739 | D:5      | Reached skill level 11 in Fighting
  5308 | D:6      | Reached skill level 12 in Fighting
  5389 | D:6      | Reached XP level 10. HP: 70/80 MP: 11/11
  5415 | D:6      | Found a glowing drain.
  5423 | Sewer    | Entered a sewer
  5879 | D:6      | Noticed Edmund
  5895 | D:6      | Killed Edmund
  5895 | D:6      | Reached skill level 13 in Fighting
  5990 | D:7      | Found a snail-covered altar of Cheibriados.
  5999 | D:7      | Found a burning altar of Makhleb.
  6038 | D:7      | Noticed Menkaure
  6044 | D:7      | Killed Menkaure
  6639 | D:7      | Got the -4 pair of boots "Moralef" {Regen+ Str+2}
  6672 | D:7      | Found a stormy altar of Qazlal.
  6888 | D:7      | Found a burning altar of Makhleb.
  7019 | D:7      | Reached skill level 14 in Fighting
  7288 | D:7      | Fell from the grace of Ru
  7288 | D:7      | Became a worshipper of Cheibriados the Contemplative
  7380 | D:8      | Reached skill level 1 in Armour
  7510 | D:8      | Reached XP level 11. HP: 54/90 MP: 12/12
  7600 | D:8      | Noticed a two-headed ogre
  7610 | D:8      | Killed a two-headed ogre
  7610 | D:8      | Reached skill level 5 in Armour
  8496 | D:9      | Reached skill level 1 in Invocations
  8505 | D:9      | Reached * piety under Cheibriados
  8723 | D:9      | Found a basalt altar of Yredelemnul.
  9153 | D:10     | Entered Level 10 of the Dungeon
  9199 | D:10     | Splashed by an acid dragon's acid

Skill      XL: |  1  2  3  4  5  6  7  8  9 10 11 |
---------------+----------------------------------+-----
Fighting       | 1 2 3 4 5 6 8 10 12 14 | 14.0
Armour         | 2 6 |  6.6
Invocations    | 3 |  3.8
Polearms       | |  1.0
Throwing       | |  1.0
Dodging        | |  1.0
Stealth        | |  2.1
Spellcasting   | |  1.0
Transmutations | |  2.6
Fire Magic     | |  1.0

Action                   |  1- 3 |  4- 6 |  7- 9 | 10-12 || total
-------------------------+-------+-------+-------+-------++-------
Melee: Spear             |    46 |   172 |   195 |    19 ||   432
       Quarterstaff      |       |       |     8 |       ||     8
       Battleaxe         |       |       |       |   130 ||   130
       Hand axe          |       |       |       |    12 ||    12
 Fire: Shortbow          |       |       |    77 |   118 ||   195
Throw: Stone             |       |       |     1 |       ||     1
       Frenzy dart       |       |       |     1 |       ||     1
Invok: Reject Sacrifices |       |       |     1 |       ||     1
       Bend Time         |       |       |       |     3 ||     3
Evoke: Wand              |       |       |       |     2 ||     2
  Use: Potion            |       |       |     1 |     1 ||     2
 Stab: Sleeping          |     5 |     6 |     6 |     2 ||    19
       Paralysed         |     6 |     8 |    17 |       ||    31
       Invisible         |       |       |       |     1 ||     1
Armor: Robe              |     4 |    32 |    82 |    33 ||   151
       Chain mail        |       |       |       |    73 ||    73
Dodge: Dodged            |     9 |    92 |   197 |   209 ||   507
Block: Other             |       |     9 |    14 |     7 ||    30
